[Event "WYCC 2018 G16"]
[Site "Halkidiki"]
[Date "2018.10.20"]
[Round "1"]
[White "Nemcova, Karin"]
[Black "Beydullayeva, Govhar"]
[Result "0-1"]
[ECO "C45"]
[WhiteElo "1888"]
[BlackElo "2202"]
[Annotator "NA"]
[PlyCount "84"]
[EventDate "2018.10.20"]
[EventType "swiss"]
[EventCountry "GRE"]
[SourceTitle "playchess.com"]
[Source "ChessBase"]
[SourceQuality "1"]
[TimeControl "40/5400+30:1800+30"]

1. e4 e5 2. Nf3 Nc6 3. d4 exd4 4. Nxd4 Bc5 5. Nb3 Bb6 6. Nc3 Nge7 7. Qe2 {[%emt 0:00:59] C45: Scotch Game} (7. Bg5 f6 8. Bh4 O-O 9. Qd2 a5 10. a4 d6 11. O-O-O Be6 12. f4 Bxb3 13. cxb3 Nd4 14. Bc4+ Kh8 {½-½ (41) Mastrovasilis,D (2594)-Georgiev,V (2479) Batumi 2018}) 7... O-O 8. Be3 f5 9. f4 fxe4 10. O-O-O d6 11. Bxb6 axb6 12. g3 Qe8 13. Kb1 Qf7 $146 ({Predecessor:} 13... Qg6 14. Qxe4 Bf5 15. Qg2 {½-½ (64) Ruiz Castillo,J (2370)-Cuellar Elisvan,D (2323) Asuncion 2013}) 14. Qxe4 Bf5 15. Bc4 d5 16. Bxd5 Nxd5 17. Qxd5 Bxc2+ 18. Kc1 Bxd1 19. Rxd1 Rad8 20. Qf3 Rxd1+ 21. Qxd1 Rd8 22. Qe2 Nb4 23. Qb5 Qe7 24. Qc4+ Kh8 25. Qf1 Qe3+ 26. Kb1 $19 Qd3+ 27. Qxd3 Rxd3 28. a3 Nc6 29. Kc2 Rf3 30. Nd2 Nd4+ 31. Kd1 Rf2 32. h4 Rg2 33. Nde4 Kg8 34. b4 c6 35. h5 h6 36. Na4 b5 37. Nac5 b6 38. Nd7 Ra2 39. g4 Rxa3 40. Ne5 Re3 41. Nd6 Nf3 42. Nf5 Re1+ 0-1

[Event "WYCC 2018 G16"]
[Site "Halkidiki"]
[Date "2018.10.20"]
[Round "1"]
[White "Moerwald, Magdalena"]
[Black "Getman, Tatyana"]
[Result "0-1"]
[ECO "B53"]
[WhiteElo "1875"]
[BlackElo "2195"]
[Annotator "NA"]
[PlyCount "78"]
[EventDate "2018.10.20"]
[EventType "swiss"]
[EventCountry "GRE"]
[SourceTitle "playchess.com"]
[Source "ChessBase"]
[SourceQuality "1"]
[TimeControl "40/5400+30:1800+30"]

1. e4 c5 2. Nf3 d6 3. d4 cxd4 4. Qxd4 Nf6 5. Nc3 Nc6 6. Bb5 Bd7 7. Bxc6 Bxc6 8. Bg5 e6 9. O-O-O Be7 10. Rhe1 Qa5 11. Bh4 {[%emt 0:14:33] B53: Sicilian: 2...d6: Lines with Qxd4} (11. Kb1 O-O 12. Qd2 Rfd8 13. Nd4 Qc7 14. f3 a6 15. g4 b5 16. Nce2 Bb7 17. h4 Rac8 18. Ng3 Ne8 19. f4 Nf6 20. f5 Qd7 {½-½ (47) Paichadze,L (2564)-Tutisani,N (2469) Poti 2018}) 11... O-O $146 ({Predecessor:} 11... Rd8) 12. Nd2 (12. a3 $11) 12... b5 13. Nb3 Qa6 14. Bg3 Rfd8 15. a3 Nh5 16. Na2 Nxg3 17. hxg3 Qc8 18. Qc3 Bf6 19. Nd4 Be8 20. Qxc8 Raxc8 21. Nc3 Rc5 22. f4 a5 $17 23. Kb1 Rdc8 24. e5 dxe5 25. Nb3 R5c7 26. fxe5 Be7 27. Nd4 b4 28. axb4 Bxb4 29. Re3 Bxc3 30. Rxc3 Rxc3 31. bxc3 Rxc3 32. Nb5 Rc5 33. Nd6 Ba4 34. Rd2 Rxe5 35. Rd4 Bd7 36. Nc8 Rb5+ 37. Kc1 Rb7 38. Nd6 Rb4 39. Rd3 f6 0-1

[Event "WYCC 2018 G16"]
[Site "Halkidiki"]
[Date "2018.10.20"]
[Round "1"]
[White "Nayberg, Simona"]
[Black "Berdnyk, Mariia"]
[Result "0-1"]
[ECO "B22"]
[WhiteElo "1857"]
[BlackElo "2179"]
[Annotator "NA"]
[PlyCount "26"]
[EventDate "2018.10.20"]
[EventType "swiss"]
[EventCountry "GRE"]
[SourceTitle "playchess.com"]
[Source "ChessBase"]
[SourceQuality "1"]
[TimeControl "40/5400+30:1800+30"]

1. e4 c5 2. c3 d5 3. exd5 Qxd5 4. d4 Nc6 5. Nf3 Bf5 6. Be3 e6 7. Na3 cxd4 8. Nb5 O-O-O 9. Nbxd4 $14 Nxd4 10. Nxd4 Bc5 11. Qa4 Bg4 12. Qc4 Nf6 13. Nc2 Qd1+ 0-1

[Event "WYCC 2018 G16"]
[Site "Halkidiki"]
[Date "2018.10.20"]
[Round "1"]
[White "Puppi Lazo, Stephanie Beatriz"]
[Black "Goltseva, Ekaterina"]
[Result "0-1"]
[ECO "C45"]
[WhiteElo "1847"]
[BlackElo "2169"]
[Annotator "NA"]
[PlyCount "64"]
[EventDate "2018.10.20"]
[EventType "swiss"]
[EventCountry "GRE"]
[SourceTitle "playchess.com"]
[Source "ChessBase"]
[SourceQuality "1"]
[TimeControl "40/5400+30:1800+30"]

1. e4 e5 2. Nf3 Nc6 3. d4 exd4 4. Nxd4 Nf6 5. Nxc6 bxc6 6. e5 Qe7 7. Qe2 Nd5 8. h4 f6 {[%emt 0:10:40] C45: Scotch Game} 9. c4 Ba6 10. g3 $146 ({Predecessor:} 10. Rh3 fxe5 11. Bg5 Nf6 12. Re3 O-O-O 13. Ra3 Bb7 14. Rxa7 Qe6 15. Nd2 Bb4 16. O-O-O {½-½ (54) Cheparinov,I (2718)-Aravindh,C (2581) Abu Dhabi 2018}) 10... Nb6 11. exf6 Qxe2+ 12. Bxe2 Bxc4 13. Bxc4 Nxc4 14. b3 Ne5 15. Ke2 gxf6 16. f4 Ng4 17. Bb2 h5 18. Nd2 Kf7 19. Kf3 Re8 20. Ne4 d5 21. Ng5+ Kg6 22. Rae1 Bb4 23. Re6 Kf5 24. a3 Ba5 $19 ({Not} 24... Rxe6 25. Nxe6 Kxe6 26. axb4 $17) 25. b4 Rxe6 26. Nxe6 Kxe6 27. bxa5 c5 28. Re1+ Kd7 29. f5 Rb8 30. Re2 Rb3+ 31. Kf4 d4 32. Rd2 Ne5 0-1

[Event "WYCC 2018 G16"]
[Site "Halkidiki"]
[Date "2018.10.20"]
[Round "1"]
[White "Nguyen, Vu Thu Hien"]
[Black "Bach, Ngoc Thuy Duong"]
[Result "1/2-1/2"]
[ECO "D48"]
[WhiteElo "1841"]
[BlackElo "2161"]
[Annotator "NA"]
[PlyCount "85"]
[EventDate "2018.10.20"]
[EventType "swiss"]
[EventCountry "GRE"]
[SourceTitle "playchess.com"]
[Source "ChessBase"]
[SourceQuality "1"]
[TimeControl "40/5400+30:1800+30"]

1. d4 d5 2. c4 e6 3. Nc3 c6 4. e3 Nf6 5. Nf3 Nbd7 6. Bd3 dxc4 7. Bxc4 b5 8. Bd3 a6 9. e4 c5 10. Bg5 cxd4 11. Nxd4 Bb7 12. f3 Be7 13. Be3 O-O 14. O-O Bc5 15. Bf2 $15 Qb6 16. Nb3 Bxf2+ 17. Rxf2 Ne5 18. Bf1 Rfd8 19. Qc1 Rac8 20. Qg5 Ng6 21. Re1 Bc6 22. Qc5 Qb8 23. Qb4 Ne5 24. Qa5 Bb7 25. Qb6 Nfd7 26. Qe3 Bc6 27. Na5 Nb6 28. a3 Be8 29. Qf4 Nbd7 30. Nb3 b4 31. axb4 Qxb4 32. Nc1 a5 33. Rd2 Ng6 34. Qe3 Qb6 35. Qxb6 Nxb6 36. Red1 Rxd2 37. Rxd2 Kf8 38. Kf2 Ke7 39. g3 Ne5 40. N1a2 Nec4 41. Rc2 a4 42. Be2 Bd7 43. Bf1 1/2-1/2

[Event "WYCC 2018 G16"]
[Site "Halkidiki"]
[Date "2018.10.20"]
[Round "1"]
[White "Zhang, Cindy"]
[Black "Gomez Barrera, Javiera Belen"]
[Result "0-1"]
[ECO "A45"]
[WhiteElo "1790"]
[BlackElo "2136"]
[Annotator "NA"]
[PlyCount "82"]
[EventDate "2018.10.20"]
[EventType "swiss"]
[EventCountry "GRE"]
[SourceTitle "playchess.com"]
[Source "ChessBase"]
[SourceQuality "1"]
[TimeControl "40/5400+30:1800+30"]

1. d4 Nf6 2. Bf4 g6 3. e3 Bg7 4. Nf3 d6 5. c4 O-O 6. Nc3 b6 7. h3 Bb7 8. Be2 Nbd7 9. O-O Re8 10. Bh2 e5 11. dxe5 dxe5 12. Qc2 Qe7 13. Rfd1 Rad8 14. Nb5 e4 15. Nfd4 Ne5 16. Nxa7 Nfd7 17. Nab5 Nc5 18. a3 Ncd3 19. Bf1 c6 20. Nc3 c5 21. Ndb5 Nxc4 22. Bxd3 exd3 23. Rxd3 Rxd3 24. Qxd3 Nxb2 25. Qc2 Nc4 26. Re1 Ne5 27. Bg3 h5 28. Kh1 h4 29. Bh2 c4 30. Nd4 Nd3 31. Re2 Qg5 32. Nf3 Qf6 33. Nb5 Bxf3 34. gxf3 Qxf3+ 35. Kg1 Rd8 36. Nd4 Bxd4 37. exd4 Rxd4 38. Re8+ Kh7 39. Qd2 Qxh3 40. Be5 Rg4+ 41. Bg3 hxg3 0-1

[Event "WYCC 2018 G16"]
[Site "Halkidiki"]
[Date "2018.10.20"]
[Round "1"]
[White "Kalyva, Kyriaki"]
[Black "Ouellet, Maili-Jade"]
[Result "1/2-1/2"]
[ECO "D35"]
[WhiteElo "1779"]
[BlackElo "2122"]
[Annotator "NA"]
[PlyCount "69"]
[EventDate "2018.10.20"]
[EventType "swiss"]
[EventCountry "GRE"]
[SourceTitle "playchess.com"]
[Source "ChessBase"]
[SourceQuality "1"]
[TimeControl "40/5400+30:1800+30"]

1. d4 d5 2. c4 e6 3. Nc3 Nf6 4. cxd5 exd5 5. Bg5 Be7 6. Qc2 O-O 7. e3 c6 8. Bd3 Nbd7 9. Nf3 Re8 10. O-O Nf8 11. Rab1 Ne4 12. Bxe7 Qxe7 13. b4 a6 14. a4 Ng6 {[%emt 0:00:37] [#]} 15. Ne2 $146 {[%emt 0:08:58] D36: Queen's Gambit Declined: Exchange Variation: Main line (5 Bg5 c6 6 Qc2)} ({Predecessor:} 15. Bxe4 dxe4 16. Nd2 f5 17. b5 axb5 18. axb5 Be6 19. bxc6 bxc6 20. Ne2 Bd5 21. Nc4 Qf8 22. g3 Reb8 {½-½ (31) Soltau,A (2632)-Pinkovetsky,S (2666) ICCF email 2005}) 15... Bg4 16. Nd2 Nh4 17. Kh1 Rad8 18. Ng3 Nxg3+ 19. hxg3 Rd6 20. Kg1 Rh6 $14 21. Rfe1 Ng6 22. e4 Nf8 23. Qc5 Qg5 24. f4 Qh5 25. exd5 Rxe1+ 26. Rxe1 Qxd5 27. Bc4 Qxc5 28. dxc5 Be6 29. Bd3 Rh5 30. Be4 a5 31. Bf3 Rf5 32. Be4 Rh5 33. Bf3 Rf5 34. Be4 Rh5 35. Bf3 1/2-1/2

[Event "WYCC 2018 G16"]
[Site "Halkidiki"]
[Date "2018.10.20"]
[Round "1"]
[White "Staravoitava, Hanna"]
[Black "Grigorieva, Yulia"]
[Result "0-1"]
[ECO "C68"]
[WhiteElo "1768"]
[BlackElo "2112"]
[Annotator "NA"]
[PlyCount "98"]
[EventDate "2018.10.20"]
[EventType "swiss"]
[EventCountry "GRE"]
[SourceTitle "playchess.com"]
[Source "ChessBase"]
[SourceQuality "1"]
[TimeControl "40/5400+30:1800+30"]

1. e4 e5 2. Nf3 Nc6 3. Bb5 a6 4. Bxc6 dxc6 5. d3 Bd6 6. Nbd2 f6 {[%emt 0:09:10] C68: Ruy Lopez: Exchange Variation, sidelines} 7. Nc4 c5 (7... Be6 8. O-O Ne7 9. Qe2 c5 10. c3 b5 11. Na5 O-O 12. Be3 Qe8 13. Nd2 Nc6 14. Nb7 {½-½ (27) Staroske,U (2514)-Siikaluoma,A (2534) GER email 2016}) 8. O-O Ne7 9. c3 $146 ({Predecessor:} 9. a4 Be6 10. Ne3 O-O 11. b3 Nc6 12. c3 Qe8 13. Nh4 Qf7 14. Rb1 {0-1 (71) Sabirov,R (1518)-Lampert,J (1977) Willingen 2009}) 9... Nc6 10. Qe2 Be6 11. Rd1 Qd7 12. Be3 Bg4 13. Kh1 Qe7 14. Qc2 Bxf3 15. gxf3 O-O-O 16. a3 f5 17. b4 f4 18. Bc1 Qh4 19. Rg1 Rhf8 20. Bb2 Rf6 21. Rg2 Rh6 22. d4 g5 23. bxc5 g4 24. Qe2 Qh3 25. Nd2 exd4 26. cxd4 Bf8 27. d5 Ne7 28. fxg4 Ng6 29. Qf3 Bxc5 30. Rc1 Be7 31. g5 Qxf3 32. Nxf3 Rh3 33. Rc3 Bf8 34. Rd3 Nh4 35. Bf6 Re8 36. Nxh4 Rxd3 37. f3 Rd1+ 38. Rg1 Rxg1+ 39. Kxg1 Bxa3 40. Ng2 Bd6 41. h4 a5 42. Ne1 a4 43. Nd3 a3 44. Kf1 b5 45. Ke2 b4 $19 46. Kd1 b3 47. Kc1 b2+ 48. Kb1 Kd7 49. e5 Rb8 0-1

[Event "WYCC 2018 G16"]
[Site "Halkidiki"]
[Date "2018.10.20"]
[Round "1"]
[White "Hovhannisyan, Mane"]
[Black "Palma, Maria"]
[Result "1-0"]
[ECO "A43"]
[WhiteElo "1730"]
[BlackElo "2106"]
[Annotator "NA"]
[PlyCount "65"]
[EventDate "2018.10.20"]
[EventType "swiss"]
[EventCountry "GRE"]
[SourceTitle "playchess.com"]
[Source "ChessBase"]
[SourceQuality "1"]
[TimeControl "40/5400+30:1800+30"]

1. Nf3 Nf6 2. d4 c5 3. d5 b5 4. Bg5 Ne4 5. Bf4 Qa5+ 6. c3 b4 7. Qb3 (7. Qc2 $16 bxc3 8. bxc3) 7... Na6 8. Ne5 d6 (8... g5 $142 9. Nc4 Qd8) 9. Nc4 Qd8 10. f3 Nf6 11. e4 Nc7 12. cxb4 $18 Rb8 13. a3 Bd7 14. Nc3 g6 15. Be2 Bg7 16. O-O O-O 17. Be3 Nb5 18. Nxb5 Rxb5 19. Qc2 cxb4 20. Bxa7 Qc7 21. Bf2 bxa3 22. Rxa3 Rb4 23. Ra7 Qb8 24. Qd2 Rc8 25. Rfa1 Rb3 26. Bd4 Bb5 27. Na5 Nxe4 28. fxe4 Rxb2 29. Bxb2 Qxa7+ 30. Kf1 Bxe2+ 31. Qxe2 Rc5 32. Nb3 Qb8 33. Nxc5 1-0

[Event "WYCC 2018 G16"]
[Site "Halkidiki"]
[Date "2018.10.20"]
[Round "1"]
[White "Plaza Reino, Mercedes"]
[Black "Kucharska, Honorata"]
[Result "0-1"]
[ECO "A55"]
[WhiteElo "1727"]
[BlackElo "2073"]
[Annotator "NA"]
[PlyCount "70"]
[EventDate "2018.10.20"]
[EventType "swiss"]
[EventCountry "GRE"]
[SourceTitle "playchess.com"]
[Source "ChessBase"]
[SourceQuality "1"]
[TimeControl "40/5400+30:1800+30"]

1. d4 Nf6 2. c4 d6 3. Nc3 Nbd7 4. Nf3 e5 5. e4 Be7 6. g3 O-O 7. Bg2 c6 8. O-O Qc7 9. h3 Re8 10. Qc2 a6 11. a4 a5 12. Be3 Bf8 13. Rad1 b6 14. Rfe1 $14 Ba6 15. b3 Rac8 16. Rd2 b5 17. c5 dxc5 18. dxe5 Nxe5 19. Nxe5 Qxe5 20. f4 Qh5 21. e5 b4 22. Ne4 Nxe4 23. Bxe4 Qxh3 24. Kf2 g6 25. f5 Bh6 26. Qxc5 Bxe3+ 27. Qxe3 Rxe5 28. Qf4 Rce8 29. Rh1 Qxh1 30. Bxh1 Rxf5 31. Qxf5 gxf5 32. Bxc6 Re5 33. Kf3 Rc5 34. Bd5 Rxd5 35. Rxd5 Bb7 0-1

[Event "WYCC 2018 G16"]
[Site "Halkidiki"]
[Date "2018.10.20"]
[Round "1"]
[White "Ge, Eva"]
[Black "Srdanovic, Jovana"]
[Result "0-1"]
[ECO "B22"]
[WhiteElo "1701"]
[BlackElo "2072"]
[Annotator "NA"]
[PlyCount "90"]
[EventDate "2018.10.20"]
[EventType "swiss"]
[EventCountry "GRE"]
[SourceTitle "playchess.com"]
[Source "ChessBase"]
[SourceQuality "1"]
[TimeControl "40/5400+30:1800+30"]

1. e4 c5 2. c3 d5 3. exd5 Qxd5 4. d4 Nf6 5. Nf3 e6 6. Be2 Be7 7. O-O O-O 8. Be3 cxd4 9. cxd4 Nc6 10. Nc3 Qd6 {[%emt 0:07:12] LiveBook: 129 Games} 11. Nb5 Qd8 12. Bf4 $11 Nd5 13. Bg3 a6 14. Nc3 b6 15. Bd3 Bb7 16. Rc1 Rc8 17. Qe2 Ndb4 18. Bb1 g6 19. Rfd1 Nd5 20. h4 Nf6 21. d5 exd5 22. h5 d4 23. hxg6 hxg6 24. Ne4 Nxe4 25. Qxe4 Bf6 26. Qf4 Kg7 27. Rc4 b5 28. Rc5 Qe7 29. Rdc1 Rfe8 30. a3 Na5 31. Rxc8 Rxc8 32. Re1 Qd8 33. Ne5 Nc6 34. Ng4 Bg5 35. Qe4 Qe7 36. Qxe7 Bxe7 37. Be4 Kf8 38. b4 Nd8 39. Bxb7 Nxb7 40. Be5 Rd8 41. Bg7+ Kxg7 42. Rxe7 Nd6 43. Ne5 Kf6 44. Nc6 Rc8 45. Re5 Rxc6 0-1

[Event "WYCC 2018 G16"]
[Site "Halkidiki"]
[Date "2018.10.20"]
[Round "1"]
[White "Golsta, Ramona"]
[Black "Meenal Gupta"]
[Result "1-0"]
[ECO "A46"]
[WhiteElo "1681"]
[BlackElo "2065"]
[Annotator "NA"]
[PlyCount "73"]
[EventDate "2018.10.20"]
[EventType "swiss"]
[EventCountry "GRE"]
[SourceTitle "playchess.com"]
[Source "ChessBase"]
[SourceQuality "1"]
[TimeControl "40/5400+30:1800+30"]

1. d4 Nf6 2. Nf3 e6 3. Bg5 d5 4. e3 Be7 5. Bd3 Nbd7 6. O-O O-O 7. Nbd2 h6 8. Bh4 c5 {[%emt 0:00:13] LiveBook: 11 Games} 9. c3 a6 10. Rc1 Ra7 11. Bb1 $14 b5 12. Ne5 Bb7 13. Qc2 g5 14. Bg3 Nb6 15. Ng4 Nbd7 16. Be5 Ne4 17. f3 h5 18. fxe4 hxg4 19. exd5 f5 20. dxe6 Nxe5 21. dxe5 Qd5 22. e4 Qxe5 23. exf5 Bd6 24. g3 Qe3+ 25. Rf2 Rf6 26. Qd3 Qe5 27. Ne4 Bxe4 28. Qxe4 Qxe4 29. Bxe4 c4 30. Rd2 Bc5+ 31. Kg2 Be3 32. Rd8+ Kg7 33. Rcd1 Re7 34. Ra8 Ba7 35. Rdd8 Rh6 36. Rd7 Bc5 37. Rc8 1-0

[Event "WYCC 2018 G16"]
[Site "Halkidiki"]
[Date "2018.10.20"]
[Round "1"]
[White "Akti, Ezgi"]
[Black "Sankova, Stella"]
[Result "1/2-1/2"]
[ECO "B50"]
[WhiteElo "1643"]
[BlackElo "2051"]
[Annotator "NA"]
[PlyCount "94"]
[EventDate "2018.10.20"]
[EventType "swiss"]
[EventCountry "GRE"]
[SourceTitle "playchess.com"]
[Source "ChessBase"]
[SourceQuality "1"]
[TimeControl "40/5400+30:1800+30"]

1. e4 c5 2. Nf3 d6 3. c3 Nf6 4. Bd3 Nc6 5. Bc2 Bg4 6. d3 e6 7. Nbd2 Be7 8. h3 Bh5 9. Nf1 d5 10. Qe2 Qc7 {[%emt 0:02:58] B50: Sicilian: 2...d6, Miscellaneous} 11. Ng3 Bg6 12. Nh4 $146 ({Predecessor:} 12. O-O dxe4 13. dxe4 O-O 14. Nh4 Nd7 15. Nxg6 hxg6 16. f4 Rab8 17. e5 b5 18. Qg4 {½-½ (30) Kobalia,M (2651)-Najer,E (2633) Khanty-Mansiysk 2013}) 12... dxe4 13. dxe4 Nxe4 14. Nxe4 Bxh4 15. Nxc5 Bxc2 16. Qxc2 O-O 17. O-O Ne5 18. Nb3 Rfd8 19. Qe4 Bf6 20. Bf4 Qc4 21. Rfe1 Qxe4 22. Rxe4 Nd3 23. Rb1 Rd5 24. Be3 Rad8 25. Nd2 Ra5 26. a4 b5 27. axb5 Rxb5 28. Nc4 a6 29. Bd4 Bxd4 30. Rxd4 Rxd4 31. cxd4 Rb4 32. b3 Kf8 33. Kf1 Nf4 34. h4 Ke7 35. g3 Nd5 36. Ke1 Kf6 37. Kd2 a5 38. Nxa5 Rxd4+ 39. Ke1 Kf5 40. Nc6 Re4+ 41. Kf1 f6 42. b4 Rc4 43. b5 Nb6 44. Ke2 Ke4 45. f3+ $11 Kd5 46. Kd3 Ra4 47. Rb3 Kc5 {[%emt 0:01:54] Ke4} 1/2-1/2

[Event "WYCC 2018 G16"]
[Site "Halkidiki"]
[Date "2018.10.20"]
[Round "1"]
[White "De Freitas, Isabella Ribeiro Co"]
[Black "Cramling Bellon, Anna"]
[Result "1-0"]
[ECO "A30"]
[WhiteElo "1605"]
[BlackElo "2025"]
[Annotator "NA"]
[PlyCount "99"]
[EventDate "2018.10.20"]
[EventType "swiss"]
[EventCountry "GRE"]
[SourceTitle "playchess.com"]
[Source "ChessBase"]
[SourceQuality "1"]
[TimeControl "40/5400+30:1800+30"]

1. c4 c5 2. Nf3 Nc6 3. g3 e5 4. Nc3 g6 5. Bg2 Bg7 6. O-O Nge7 7. d3 d6 8. Ng5 {[%emt 0:10:53] A37: Symmetrical English vs ...g6: 4 Bg2 Bg7 5 Nf3} (8. a3 O-O 9. Rb1 a5 10. Bd2 h6 11. Ne1 Be6 12. Nc2 d5 13. cxd5 Nxd5 14. Ne3 Nb6 15. Ne4 Qe7 16. Qc1 Nd7 17. Nc3 Kh7 18. Ned5 Qd8 19. e3 Rc8 20. Qc2 {1-0 (57) Mchedlishvili,M (2604)-Parligras,M (2616) Heraklio 2017}) 8... h6 9. Nge4 f5 10. Nd2 O-O 11. a3 a5 12. Rb1 Rb8 13. Nb3 $146 ({Predecessor:} 13. Nf3 Be6 14. Nh4 g5 15. Nf3 f4 {0-1 (42) Torregrossa,R-Zingheim,S Chicago 1990}) 13... Be6 14. Nd5 b5 15. Bd2 a4 16. Nxe7+ Nxe7 17. Na5 Qd7 18. Qc1 b4 19. axb4 cxb4 20. Qe1 b3 21. Qc1 Rfc8 22. Ra1 Kh7 23. Ra3 d5 24. Bc3 dxc4 25. Rd1 Qb5 26. dxc4 Bxc4 27. Nxc4 Rxc4 28. e3 e4 29. Bf1 Bxc3 30. Bxc4 Bxb2 31. Qxb2 Qxc4 32. Rd7 Qe6 33. Ra7 Rd8 34. R3xa4 Rd1+ 35. Kg2 f4 36. exf4 e3 37. Qe2 Qc6+ 38. Kh3 Rd7 39. R4a6 Qc8 40. Kg2 exf2 41. Qxf2 Rb7 42. Qf3 Qc2+ 43. Kh3 Qc8+ 44. f5 Rc7 $18 45. Rxc7 Qxc7 46. fxg6+ Nxg6 47. Qf5 Qg7 48. Rd6 Qg8 49. Rd7+ Kh8 50. Qf6+ 1-0

[Event "WYCC 2018 G16"]
[Site "Halkidiki"]
[Date "2018.10.20"]
[Round "1"]
[White "Servin-Demarrais, Helena"]
[Black "Miroshnik, Ekaterina"]
[Result "0-1"]
[ECO "C11"]
[WhiteElo "1540"]
[BlackElo "2023"]
[Annotator "NA"]
[PlyCount "128"]
[EventDate "2018.10.20"]
[EventType "swiss"]
[EventCountry "GRE"]
[SourceTitle "playchess.com"]
[Source "ChessBase"]
[SourceQuality "1"]
[TimeControl "40/5400+30:1800+30"]

1. e4 e6 2. d4 d5 3. Nc3 Nf6 4. e5 Nfd7 5. f4 c5 6. Nf3 Nc6 7. Be3 Be7 8. Qd2 a6 9. Be2 O-O {[%emt 0:01:35] C11: French: Classical System: 4 e5 and 4 Bg5 dxe4} (9... b5 10. Nd1 b4 11. O-O a5 12. c3 Qb6 13. Bf2 Ba6 14. Bxa6 Qxa6 15. f5 a4 16. Ng5 h6 17. fxe6 Bxg5 18. exd7+ Kxd7 {1-0 (33) Andriasian,Z (2603)-Meier,G (2639) chess.com INT 2018}) 10. O-O b5 11. Nd1 cxd4 12. Nxd4 Nxd4 13. Bxd4 Bc5 14. c3 Qb6 15. Bxc5 $146 ({Predecessor:} 15. Kh1 a5 16. a3 Bb7 17. Ne3 f6 18. Nc2 Bxd4 19. cxd4 Rac8 20. Ne3 fxe5 {½-½ (20) Rosenberger,F (2128)-Grill,B (2221) Schwaebisch Gmuend 2014}) 15... Qxc5+ 16. Qd4 Bb7 17. Ne3 Qc7 18. b3 f6 19. exf6 Nxf6 20. c4 bxc4 21. bxc4 Rfe8 22. cxd5 $11 exd5 23. Bf3 Rad8 24. Rac1 Qd7 25. Rc5 Ne4 26. Bxe4 Rxe4 27. Qd3 Qd6 28. Ra5 Rxf4 29. Ra3 Rxf1+ 30. Nxf1 d4 31. Nd2 Qf4 32. Rb3 Bd5 33. Rb2 Re8 34. g3 Qe3+ 35. Qxe3 dxe3 36. Kf1 exd2 37. Rxd2 Bc4+ 38. Kg2 Re2+ 39. Rxe2 Bxe2 40. Kf2 Bc4 41. a3 Kf7 42. Ke3 Ke6 43. Kd4 Bb5 44. Ke4 g5 45. h4 g4 46. Kf4 h5 47. Ke4 Bc6+ 48. Kd4 Kf5 49. Kc5 Bb5 50. Kd5 Bf1 51. Kd4 Bg2 52. Ke3 Ke5 53. Kd3 Bf1+ 54. Ke3 Bb5 55. Kf2 Ke4 56. Kg2 Ke3 57. Kg1 Kf3 58. Kh2 Kf2 59. Kh1 Kxg3 60. Kg1 Kxh4 61. Kg2 Bc6+ 62. Kh2 g3+ 63. Kg1 Kh3 64. Kf1 Kh2 0-1

[Event "WYCC 2018 G16"]
[Site "Halkidiki"]
[Date "2018.10.20"]
[Round "1"]
[White "Bania, Eleni"]
[Black "Nestorovic, Katarina"]
[Result "0-1"]
[ECO "B22"]
[WhiteElo "1454"]
[BlackElo "2015"]
[Annotator "NA"]
[PlyCount "94"]
[EventDate "2018.10.20"]
[EventType "swiss"]
[EventCountry "GRE"]
[SourceTitle "playchess.com"]
[Source "ChessBase"]
[SourceQuality "1"]
[TimeControl "40/5400+30:1800+30"]

1. e4 c5 2. c3 Nf6 3. e5 Nd5 4. d4 cxd4 5. Nf3 e6 6. cxd4 d6 7. Bc4 Nc6 8. O-O Be7 9. Qe2 O-O 10. Nc3 Nxc3 11. bxc3 Qa5 12. Bd2 Rd8 13. Rfe1 Bd7 14. Bb3 dxe5 15. dxe5 Rac8 16. Rac1 Ba3 17. Rb1 Ne7 18. Bc2 Ng6 19. Bg5 Rf8 20. Bd2 Qc7 21. h4 Bc6 22. Be4 h6 23. h5 Ne7 24. Nd4 Bc5 25. Qg4 Bxe4 26. Rxe4 Bxd4 27. Rxd4 Kh8 28. Re1 Nf5 29. Rb4 Rfd8 30. Qe2 Qc6 31. Rd1 b6 32. Qg4 Qd5 33. Qe2 Qxa2 34. Qe1 Qd5 35. Rbb1 Qc6 36. Rbc1 a5 37. f3 Qc5+ 38. Kh1 Qc4 39. g4 Ne7 40. Qg3 Rd3 41. Rc2 Qd5 42. Kg2 b5 43. Qf4 Nc6 44. Re1 Nd4 45. cxd4 Rxc2 46. Re2 Rxd4 47. Qxf7 Qd7 0-1

[Event "WYCC 2018 G16"]
[Site "Halkidiki"]
[Date "2018.10.20"]
[Round "1"]
[White "Mairambekova, Aiperi"]
[Black "Duson, Robin"]
[Result "0-1"]
[ECO "B47"]
[WhiteElo "1398"]
[BlackElo "1999"]
[Annotator "NA"]
[PlyCount "56"]
[EventDate "2018.10.20"]
[EventType "swiss"]
[EventCountry "GRE"]
[SourceTitle "playchess.com"]
[Source "ChessBase"]
[SourceQuality "1"]
[TimeControl "40/5400+30:1800+30"]

1. e4 c5 2. Nf3 e6 3. d4 cxd4 4. Nxd4 Nc6 5. Nc3 Qc7 6. a3 a6 7. Be3 Nf6 8. Be2 b5 9. Bf3 Ne5 10. O-O Bb7 11. Bg5 Be7 12. Re1 Rc8 13. Rc1 Nc4 14. Rb1 Nxa3 15. bxa3 Qxc3 16. Rb3 Qc7 17. e5 Nd5 18. Bxd5 Bxg5 19. Bxb7 Qxb7 20. Qg4 Bh6 21. Rd1 O-O 22. Rbd3 f5 23. Qh5 Qe4 24. Nf3 Rxc2 25. Rxd7 Qe2 26. Qh4 Be3 27. Rf1 Rc4 28. Qe7 Bxf2+ 0-1

[Event "WYCC 2018 G16"]
[Site "Halkidiki"]
[Date "2018.10.21"]
[Round "2"]
[White "Solozhenkina, Elizaveta"]
[Black "Urh, Zala"]
[Result "1-0"]
[ECO "A06"]
[WhiteElo "2276"]
[BlackElo "2066"]
[Annotator "ChessBase"]
[PlyCount "111"]
[EventDate "2018.10.20"]
[EventType "swiss"]
[EventCountry "GRE"]
[SourceTitle "playchess.com"]
[Source "ChessBase"]
[SourceQuality "1"]
[TimeControl "40/5400+30:1800+30"]

1. Nf3 d5 2. g3 c6 3. Bg2 Bg4 4. c4 e6 5. cxd5 Bxf3 6. Bxf3 cxd5 7. O-O Nf6 8. b3 Nc6 9. Bb2 Be7 10. Nc3 O-O 11. d3 Rc8 12. Rc1 Nd7 13. Bg2 Bf6 14. Qd2 Qa5 15. Rfd1 Rfd8 16. e3 b5 17. d4 a6 18. Bf1 Be7 19. a4 b4 20. Nb1 Nf6 21. Qd3 Nb8 22. Nd2 Qb6 23. Rc2 Qb7 24. Rdc1 Ne8 25. Rxc8 Rxc8 26. Rxc8 Qxc8 27. e4 dxe4 28. Nxe4 Nf6 29. Nc5 Bxc5 30. dxc5 Qxc5 31. Qd8+ Qf8 32. Bxf6 gxf6 33. Qxf6 Qd6 34. Qf3 Kg7 35. Qb7 Kf6 36. h4 Kg7 37. h5 h6 38. Bc4 Kf6 39. Qf3+ Kg7 40. Qb7 Kf6 41. Qf3+ Kg7 42. Qe2 a5 43. Qb2+ e5 44. Qe2 Nd7 45. Qg4+ Kf8 46. Qf3 Nf6 47. Qa8+ Kg7 48. Qa7 Qd1+ 49. Kg2 Qxh5 50. Qxa5 Ng4 51. Qa7 Qh2+ 52. Kf3 Qh1+ 53. Kxg4 Qe4+ 54. f4 Qg6+ 55. Kf3 Qh5+ 56. Kg2 1-0